 Dungeon Crawl Stone Soup version 0.25-a0-589-g1e14c54 (webtiles) character file.

Game seed: 6707749858151569872, levelgen mode: deterministic

135 BlueFish the Skirmisher (level 4, -1/41 HPs)
             Began as a Minotaur Fighter on Mar 9, 2020.
             Slain by Purgy (3 damage)
             ... in a sewer.
             The game lasted 00:03:28 (2590 turns).

BlueFish the Skirmisher (Minotaur Fighter)          Turns: 2590, Time: 00:03:29

Health: -1/41      AC:  8    Str: 21    XL:     4   Next: 96%
Magic:  3/3        EV:  9    Int:  5    God:
Gold:   158        SH:  0    Dex: 10    Spells: 3/3 levels left

rFire    . . .     SeeInvis .   a - +0 long sword
rCold    . . .     Gourm    .   (no shield)
rNeg     . . .     Faith    +   b - +0 scale mail
rPois    .         Spirit   .   (helmet restricted)
rElec    .         Reflect  .   o - +0 cloak
rCorr    .         Harm     .   (no gloves)
MR       .....                  (no boots)
Stlth    ..........             p - amulet of faith
HPRegen  0.13/turn              (no ring)
MPRegen  0.08/turn              (no ring)

@: mighty, very slow
A: retaliatory headbutt, horns 2
a: no special abilities


You were in a sewer.
You were not hungry.

You visited 1 branch of the dungeon, and saw 4 of its levels.
You also visited: Sewer.

You collected 158 gold pieces.

Inventory:

Hand Weapons
 a - a +0 long sword (weapon)
 m - a +1 vampiric short sword
Armour
 b - a +0 scale mail (worn)
 c - a +0 kite shield
 o - a +0 cloak (worn)
Jewellery
 p - an amulet of faith (around neck)
Wands
 l - a wand of paralysis (9)
Scrolls
 g - a scroll of teleportation
 j - a scroll of immolation
 k - a scroll of magic mapping
 q - a scroll of remove curse
Potions
 h - 2 potions of berserk rage
 i - a potion of haste
 n - 2 potions of curing
Comestibles
 f - 5 rations
 r - a chunk of flesh


   Skills:
 * Level 4.6 Fighting
 * Level 4.5 Long Blades
 * Level 4.6 Armour
 + Level 0.3 Dodging
 + Level 3.8 Shields


You had 3 spell levels left.
You didn't know any spells.
Your spell library contained the following spells:

 Spells                   Type           Power        Failure   Level  Hunger
 Sublimation of Blood     Necr           #.........   91%         2    ###....
 Ignite Poison            Fire/Tmut/Pois #.......     99%         3    ####...
 Petrify                  Tmut/Erth      #.......     100%        4    #####..
 Alistair's Intoxication  Tmut/Pois      #.......     100%        5    ######.
 Irradiate                Conj/Tmut      #.........   100%        5    ######.
 Eringya's Noxious Bog    Tmut/Pois      #.........   100%        6    #######


Dungeon Overview and Level Annotations

Branches:
Dungeon (4/15)              Sewer (1/1)
 Temple: D:4-7

Altars:
Gozag
Kikubaaqudgha
Makhleb
Ru
Sif Muna

Annotations:
Sewer Purgy


Innate Abilities, Weirdness & Mutations

You reflexively headbutt those who attack you in melee.
You have a pair of horns on your head.


Message History

Purgy snarls, "Go!
Away!"
Purgy bites you. Purgy claws you but does no damage. x2
The adder bites you but does no damage.
Your unstable footing causes you to fumble your attack.
Purgy bites you but does no damage. Purgy claws you but does no damage.
Purgy claws you. The adder bites you.
* * * LOW HITPOINT WARNING * * *
Your unstable footing causes you to fumble your attack.
The adder barely misses you. You furiously retaliate!
You headbutt the adder!!
You kill the adder!
Purgy bites you but does no damage. Purgy claws you but does no damage.
Purgy misses you. Purgy bites you but does no damage. Purgy claws you.
* * * LOW HITPOINT WARNING * * *
Purgy closely misses you.
You barely miss Purgy.
Purgy is lightly wounded.
Purgy bites you!
* * * LOW HITPOINT WARNING * * *
Purgy claws you.
You die...

#≈≈≈≈≈≈≈≈≈≈≈≈..##∩∩.#
≈≈≈≈≈≈≈≈≈≈≈≈..###..##
≈≈≈≈≈≈≈≈≈≈≈≈.## ####
≈≈≈≈≈≈≈≈≈≈≈...#
#≈≈≈≈≈≈≈≈.≈####
#≈≈≈≈≈≈≈≈.##
#≈≈≈≈≈≈≈### #≈≈≈≈≈≈≈#
≈≈≈≈≈≈≈@# ≈≈≈≈≈≈≈T#
#≈≈≈≈≈≈≈≈ #≈≈≈≈≈≈≈≈.
#≈≈≈≈≈≈≈≈≈.
#≈≈≈≈≈≈≈≈≈≈#
##≈≈≈≈≈≈≈≈≈≈
≈≈≈≈≈≈≈≈≈≈.#


You could see Purgy.

Vanquished Creatures
  An iguana (D:3)
  4 adders
  A gnoll (D:1)
  2 worms
  A leopard gecko (D:3)
  An orc (D:3)
  3 ball pythons
  5 bats
  A giant cockroach (D:2)
  8 goblins
  4 hobgoblins
  6 jackals
  7 frilled lizards
  8 kobolds
  7 rats
59 creatures vanquished.

Notes
Turn   | Place    | Note
-------+----------+-------------------------------------------
     0 | D:1      | BlueFish the Minotaur Fighter began the quest for the Orb.
     0 | D:1      | Reached XP level 1. HP: 19/19 MP: 0/0
   109 | D:1      | Reached XP level 2. HP: 14/27 MP: 1/1
   514 | D:1      | Reached XP level 3. HP: 33/33 MP: 2/2
  1141 | D:2      | Found an opulent altar of Gozag.
  1477 | D:3      | Reached XP level 4. HP: 40/41 MP: 3/3
  1542 | D:3      | HP: 1/41 [iguana (11)]
  1820 | D:3      | Found a burning altar of Makhleb.
  2028 | D:3      | Found a sacrificial altar of Ru.
  2195 | D:3      | Found an ancient bone altar of Kikubaaqudgha.
  2357 | D:4      | Found a shimmering blue altar of Sif Muna.
  2360 | D:4      | Noticed an ogre
  2369 | D:4      | Found a glowing drain.
  2379 | Sewer    | Entered a sewer
  2581 | Sewer    | Noticed Purgy
  2590 | Sewer    | HP: 2/41 [Purgy (7)]
  2590 | Sewer    | Slain by Purgy

Levels and vault maps discovered:
D:1:      dpeg_arrival_oval, layout_basic
D:2:      layout_rooms, nicolae_overflow_crystal_walls
D:3:      layout_basic, lemuel_doored_altar, lemuel_round_altar,
          overflow_temple_1_default, first_ration
D:4:      layout_layer_cave, lemuel_crystal_altar, portal_sewer_entry_a
Sewer:    sewer_co_purgy_island

Skill      XL: |  1  2  3  4 |
---------------+-------------+-----
Long Blades    | 3 4 |  4.5
Armour         | 4 |  4.6
Fighting       | 4 |  4.6
Dodging        | |  0.3
Shields        | |  3.8

Action                   |  1- 3 |  4- 6 || total
-------------------------+-------+-------++-------
Melee: Long sword        |    77 |    40 ||   117
       Headbutt          |    11 |     7 ||    18
  Use: Scroll            |     2 |     6 ||     8
       Potion            |       |     1 ||     1
  Eat: Chunk             |     2 |     3 ||     5
Armor: Scale mail        |    41 |    41 ||    82
Dodge: Dodged            |    35 |    29 ||    64
       Rpst.: Long sword |     9 |     7 ||    16

Table legend:
 A = Non-vault XP
 B = Vault XP
 C = Vault XP percentage of total XP
 D = Non-vault monster count
 E = Vault monster count
 F = Vault count percentage of total count
                 A         B        C        D         E       F
            +---------+---------+-------+---------+---------+-------
      Total |     176 |      17 |   8.8 |      55 |       4 |   6.8
            +---------+---------+-------+---------+---------+-------
        D:1 |      43 |       0 |   0.0 |      19 |       0 |   0.0
        D:2 |      41 |       0 |   0.0 |      17 |       0 |   0.0
        D:3 |      78 |       0 |   0.0 |      17 |       0 |   0.0
        D:4 |      14 |       0 |   0.0 |       2 |       0 |   0.0
      Sewer |       0 |      17 | 100.0 |       0 |       4 | 100.0
            +---------+---------+-------+---------+---------+-------
